 Dungeon Crawl Stone Soup version 0.22-a0-161-g198051cff3 (console) character file.

13 Muffindrake the Sneak (level 2, 22/22 HPs)
             Began as a Vampire Assassin on Feb 11, 2018.
             Safely got out of the dungeon.
             The game lasted 00:02:36 (357 turns).

Muffindrake the Sneak (Vampire Assassin)             Turns: 357, Time: 00:02:36

Health: 22/22      AC:  4    Str:  7 (10) XL:     2   Next: 24%
Magic:  2/2        EV: 12    Int: 11 (13) God:
Gold:   49         SH:  0    Dex: 13 (15) Spells: 1/1 levels left

rFire    . . .     SeeInvis +   a - +3 dagger
rCold    . . .     Gourm    .   (no shield)
rNeg     + . .     Faith    .   c - +0 robe
rPois    .         Spirit   .   (no helmet)
rElec    .         Reflect  .   d - +0 cloak
rCorr    .         Harm     .   (no gloves)
MR       .....                  h - +0 pair of boots
Stlth    +++.......             (no amulet)
HPRegen  0.07/turn              (no ring)
MPRegen  0.08/turn              (no ring)

@: no status effects
A: fangs 3, see invisible, unbreathing
a: no special abilities


You escaped.
You were not thirsty.

You visited 1 branch of the dungeon, and saw 1 of its levels.

You collected 49 gold pieces.

Inventory:

Hand Weapons
 a - a +3 dagger (weapon)
 b - a +0 blowgun
Missiles
 e - 8 poisoned needles (quivered)
 f - 2 curare-tipped needles
Armour
 c - a +0 robe (worn)
 d - a +0 cloak (worn)
 h - a +0 pair of boots (worn)
Potions
 g - 7 potions of blood


   Skills:
 + Level 2.0 Fighting
 * Level 2.3 Short Blades
 + Level 1.5 Throwing
 * Level 1.1 Dodging
 * Level 6.5 Stealth


You had one spell level left.
You didn't know any spells.

Dungeon Overview and Level Annotations

Branches:
Dungeon (1/15)

Altars:


Innate Abilities, Weirdness & Mutations

You have razor-sharp teeth.
You have supernaturally acute eyesight. (SInv)
You can survive without breathing.


Message History

You enter the shallow water.
Moving in this stuff is going to be slow.
You enter the shallow water.
Moving in this stuff is going to be slow.
There is an open door here.
Found a ration.
Found a purple potion and a scroll labeled PONISAFEOQ.
Found a stone staircase leading down.
Found 4 tomahawks.
Found a lumpy puce potion.
i - a purple potion
j - a lumpy puce potion It was a potion of heal wounds.
You feel much better.
It was a potion of degeneration.
There was something very wrong with that liquid.
You feel weakened.
You feel dopey.
You feel clumsy.
There is an open door here.
There is a staircase leading out of the dungeon here.
Are you sure you want to leave the Dungeon?
This will make you lose the game!
You have escaped!

#...##.....##....#........#..###
#.#####.#........#........#.##
#. #.#.................).# #
#.#.................### ##
#.#.................# #.
#...................#####.
###......................^
#...............#######.
#...#################### #...#
♣♣♣♣..<.≈≈≈≈≈≈≈≈≈#
..#####...#♣♣@.....≈≈PP≈≈≈≈[.' .
..........#♣...P.≈≈≈PPP≈≈....# #
#######...#.....≈≈PPP≈≈≈....♣# #
#...'....≈≈≈≈≈≈≈.....♣♣ #
#.#.#≈≈≈≈≈≈..P.....♣♣♣ #
#.##################
##########.####..(
............>.....
............%.....
..#############... ..# ?.


There were no monsters in sight!

Vanquished Creatures
  A dart slug (D:1)
  2 goblins (D:1)
  2 hobgoblins (D:1)
  2 bats (D:1)
  3 kobolds (D:1)
  A rat (D:1)
11 creatures vanquished.

Notes
Turn   | Place    | Note
-------+----------+-------------------------------------------
     0 | D:1      | Muffindrake the Vampire Assassin began the quest for the Orb.
     0 | D:1      | Reached XP level 1. HP: 16/16 MP: 1/1
    66 | D:1      | Reached skill level 6 in Stealth
   192 | D:1      | Reached XP level 2. HP: 22/22 MP: 2/2
   357 | D:$      | Safely got out of the dungeon.

Vault maps used:
D:1:      tarquinn_simple_flora_water_c, minmay_distorted

Skill      XL: |  1  2 |
---------------+-------+-----
Stealth        | 6 |  6.5
Fighting       | 2 |  2.0
Short Blades   | |  2.3
Throwing       | |  1.5
Dodging        | |  1.1

Action                   || total
-------------------------++-------
Melee: Dagger            ||    34
       Bite              ||     3
  Use: Scroll            ||     2
       Potion            ||     3
 Stab: Sleeping          ||     2
Armor: Robe              ||     7
Dodge: Dodged            ||    15

Table legend:
 A = Spawn XP
 B = Non-spawn XP
 C = Spawn XP percentage of total XP
 D = Spawn monster count
 E = Non-spawn monster count
 F = Spawn count percentage of total count
 G = Total turns spent on level
                    A         B        C        D         E        F      G
               +---------+---------+-------+---------+---------+-------+---------
         Total |       0 |      19 |   0.0 |       0 |      11 |   0.0 |   357
               +---------+---------+-------+---------+---------+-------+---------
           D:1 |       0 |      19 |   0.0 |       0 |      11 |   0.0 |   357
               +---------+---------+-------+---------+---------+-------+---------
